PUBRL
LASHBURN SPURS @ HALIFAX EXPLOSIONS
08/20/1972
 
TOP OF THE 1ST
Lashburn Spurs batting - Pitching for Halifax Explosions : RHP Bill Holland
Pitching: RHP Bill Holland
Batting: LHB Bill Sharp 0-0: Called Strike
0-1: Foul Ball, location: 2F
0-2: Ball
1-2: Foul Ball, location: 2F
1-2: DOUBLE (Line Drive, 89XD, EV 103.8 MPH)
Batting: LHB Chip Sharp 0-0: Called Strike
0-1: Foul Ball, location: 7LSF
0-2: Ball
1-2: Ball
2-2: Fly out, F7 (Flyball, 7LM, EV 90.0 MPH)
Batting: LHB José Nolan 0-0: Ball
1-0: Ball
2-0: DOUBLE (Line Drive, 78XD, EV 106.9 MPH)
Bill Sharp scores
Batting: RHB Larry Vickers 0-0: Swinging Strike
0-1: Ball
1-1: Called Strike
1-2: Foul Ball, location: 2F
1-2: Foul Ball, location: 2F
1-2: Strikes out swinging
Batting: LHB Jon De Los Ángeles 0-0: Foul Ball, location: 7LDF
0-1: 2-RUN HOME RUN (Flyball, 9LD, EV 95.6 MPH), Distance : 354 ft
Batting: LHB Archie Austin 0-0: Foul Ball, location: 9LMF
0-1: Ball
1-1: Swinging Strike
1-2: Ball
2-2: Ball
3-2: Foul Ball, location: 25F
3-2: Base on Balls
Batting: LHB Elliott Scott 0-0: Swinging Strike
0-1: Swinging Strike
0-2: Strikes out swinging
Top of the 1st over - 3 runs, 3 hits, 0 errors, 1 left on base; Lashburn 3 - Halifax 0
BOTTOM OF THE 1ST
Halifax Explosions batting - Pitching for Lashburn Spurs : RHP Joe Reeves
Pitching: RHP Joe Reeves
Batting: SHB Larry Lintz 0-0: Ball
1-0: Ball
2-0: Ball
3-0: Called Strike
3-1: Foul Ball, location: 5F
3-2: Ground out 5-3 (Groundball, 56, EV 101.9 MPH)
Batting: RHB Kirby Shotwell 0-0: Swinging Strike
0-1: Foul Ball, location: 2F
0-2: Foul Ball, location: 5SF
0-2: Ground out 5-3 (Groundball, 56, EV 103.8 MPH)
Batting: SHB Vicente Vélez 0-0: Fly out, F7 (Flyball, 78M, EV 80.0 MPH)
Bottom of the 1st over - 0 runs, 0 hits, 0 errors, 0 left on base; Lashburn 3 - Halifax 0
TOP OF THE 2ND
Lashburn Spurs batting - Pitching for Halifax Explosions : RHP Bill Holland
Batting: RHB Mario Guerrero 0-0: Called Strike
0-1: Ball
1-1: Ground out 5-3 (Groundball, 5, EV 101.3 MPH)
Batting: RHB Bryan Monroe 0-0: Ball
1-0: Ball
2-0: Ball
3-0: Base on Balls
Batting: LHB Bill Sharp 0-0: Fly out, F8 (Flyball, 8LM, EV 98.8 MPH)
Batting: LHB Chip Sharp 0-0: Ball
Bryan Monroe steals 2nd base
1-0: Called Strike
1-1: Ball
2-1: Foul Ball, location: 25FF
2-2: Foul Ball, location: 3F
2-2: Ground out U3 (Groundball, 3, EV 99.4 MPH)
Top of the 2nd over - 0 runs, 0 hits, 0 errors, 1 left on base; Lashburn 3 - Halifax 0
BOTTOM OF THE 2ND
Halifax Explosions batting - Pitching for Lashburn Spurs : RHP Joe Reeves
Batting: LHB Andre Schaefer 0-0: Called Strike
0-1: Ground out 4-3 (Groundball, 4, EV 106.9 MPH)
Batting: RHB Luis Melendez 0-0: Ground out 5-3 (Groundball, 56, EV 91.3 MPH)
Batting: LHB Spencer Yeandle 0-0: Foul Ball, location: 23F
0-1: Called Strike
0-2: Strikes out swinging
Bottom of the 2nd over - 0 runs, 0 hits, 0 errors, 0 left on base; Lashburn 3 - Halifax 0
TOP OF THE 3RD
Lashburn Spurs batting - Pitching for Halifax Explosions : RHP Bill Holland
Batting: LHB José Nolan 0-0: Ball
1-0: Ball
2-0: Foul Ball, location: 9LSF
2-1: Ball
3-1: Base on Balls
Batting: RHB Larry Vickers 0-0: Foul Ball, location: 2F
0-1: Foul Ball, location: 5F
0-2: Foul Ball, location: 9LMFF
0-2: Strikes out looking
Batting: LHB Jon De Los Ángeles 0-0: Foul Ball, location: 7LDF
0-1: Foul Ball, location: 2F
0-2: Ball
1-2: Foul Ball, location: 23FF
1-2: Strikes out looking
Batting: LHB Archie Austin 0-0: Ball
1-0: Called Strike
1-1: Called Strike
1-2: Strikes out looking
Top of the 3rd over - 0 runs, 0 hits, 0 errors, 1 left on base; Lashburn 3 - Halifax 0
BOTTOM OF THE 3RD
Halifax Explosions batting - Pitching for Lashburn Spurs : RHP Joe Reeves
Batting: RHB Larvell Blanks 0-0: Called Strike
0-1: Fly out, F7 (Flyball, 7S, EV 95.0 MPH)
Batting: LHB Doug Miller 0-0: Called Strike
0-1: Ball
1-1: Ball
2-1: Fly out, F8 (Flyball, 8RM, EV 97.5 MPH)
Batting: RHB Brian Downing 0-0: Ball
1-0: Ground out 6-3 (Groundball, 6S, EV 80.6 MPH)
Bottom of the 3rd over - 0 runs, 0 hits, 0 errors, 0 left on base; Lashburn 3 - Halifax 0
TOP OF THE 4TH
Lashburn Spurs batting - Pitching for Halifax Explosions : RHP Bill Holland
Batting: LHB Elliott Scott 0-0: Ball
1-0: Swinging Strike
1-1: Foul Ball, location: 2F
1-2: Foul Ball, location: 25FF
1-2: Strikes out swinging, 2-3 out at first.
Batting: RHB Mario Guerrero 0-0: Ground out 5-3 (Groundball, 56, EV 101.9 MPH)
Batting: RHB Bryan Monroe 0-0: Ball
1-0: Called Strike
1-1: Fly out, F6 (Popup, 6MS, EV 65.6 MPH)
Top of the 4th over - 0 runs, 0 hits, 0 errors, 0 left on base; Lashburn 3 - Halifax 0
BOTTOM OF THE 4TH
Halifax Explosions batting - Pitching for Lashburn Spurs : RHP Joe Reeves
Batting: SHB Larry Lintz 0-0: Ball
1-0: Foul Ball, location: 2F
1-1: Ground out 4-3 (Groundball, 34, EV 109.4 MPH)
Batting: RHB Kirby Shotwell 0-0: Ball
1-0: Foul Ball, location: 23FF
1-1: SINGLE (Groundball, 4MD, EV 108.1 MPH)
Batting: SHB Vicente Vélez 0-0: Ball
1-0: Swinging Strike
1-1: Ball
2-1: Swinging Strike
2-2: Foul Ball, location: 25F
2-2: Strikes out swinging
Batting: LHB Andre Schaefer 0-0: Called Strike
0-1: Called Strike
0-2: Strikes out swinging
Bottom of the 4th over - 0 runs, 1 hit, 0 errors, 1 left on base; Lashburn 3 - Halifax 0
TOP OF THE 5TH
Lashburn Spurs batting - Pitching for Halifax Explosions : RHP Bill Holland
Batting: LHB Bill Sharp 0-0: Ball
1-0: Foul Ball, location: 2F
1-1: Hit by Pitch
Batting: LHB Chip Sharp 0-0: Foul Ball, location: 9LDF
0-1: Foul Ball, location: 2F
0-2: Strikes out swinging
Batting: LHB José Nolan 0-0: Foul Ball, location: 2F
0-1: Foul Ball, location: 2F
0-2: Ball
1-2: Ball
2-2: Foul Ball, location: 2F
2-2: Strikes out swinging
Batting: RHB Larry Vickers 0-0: Called Strike
0-1: Called Strike
Bill Sharp is caught stealing 2nd base 2-4
Top of the 5th over - 0 runs, 0 hits, 0 errors, 0 left on base; Lashburn 3 - Halifax 0
BOTTOM OF THE 5TH
Halifax Explosions batting - Pitching for Lashburn Spurs : RHP Joe Reeves
Batting: RHB Luis Melendez 0-0: Swinging Strike
0-1: Called Strike
0-2: Ball
1-2: Foul Ball, location: 2F
1-2: SOLO HOME RUN (Flyball, 7D, EV 109.4 MPH), Distance : 403 ft
Batting: LHB Spencer Yeandle 0-0: Ball
1-0: Ball
2-0: Swinging Strike
2-1: Ball
3-1: Base on Balls
Batting: RHB Larvell Blanks 0-0: Called Strike
0-1: Foul Ball, location: 2F
0-2: SINGLE (Line Drive, 9S, EV 109.4 MPH)
Spencer Yeandle to second
Batting: LHB Doug Miller 0-0: Sac Bunt to 13S - play at first, batter OUT! 1-3
Spencer Yeandle to third
Larvell Blanks to second
Batting: RHB Brian Downing 0-0: Ball
1-0: Ball
2-0: Ball
3-0: Base on Balls
Batting: SHB Larry Lintz 0-0: Ball
1-0: Called Strike
1-1: Foul Ball, location: 5FF
1-2: Ball
2-2: Foul Ball, location: 2F
2-2: Ball
3-2: Base on Balls
Spencer Yeandle scores
Larvell Blanks to third
Brian Downing to second
Batting: RHB Kirby Shotwell 0-0: Ball
1-0: Ball
2-0: Ball
3-0: Called Strike
3-1: Called Strike
3-2: Foul Ball, location: 2F
3-2: Grounds into fielders choice 4-2 (Groundball, 13, EV 85.6 MPH)
Brian Downing to third
Larry Lintz to second
Batting: SHB Vicente Vélez 0-0: Fly out, F8 (Line Drive, 8LM, EV 93.8 MPH)
Bottom of the 5th over - 2 runs, 2 hits, 0 errors, 3 left on base; Lashburn 3 - Halifax 2
TOP OF THE 6TH
Lashburn Spurs batting - Pitching for Halifax Explosions : RHP Bill Holland
Batting: RHB Larry Vickers 0-0: Foul Ball, location: 2F
0-1: Ball
1-1: Ball
2-1: Swinging Strike
2-2: Strikes out swinging
Batting: LHB Jon De Los Ángeles 0-0: Ball
1-0: Called Strike
1-1: SINGLE (Groundball, 6M, EV 81.9 MPH)
Batting: LHB Archie Austin 0-0: Ball
1-0: Ball
2-0: Foul Ball, location: 2F
2-1: Ball
3-1: SINGLE (Groundball, 4M, EV 110.6 MPH) (infield hit)
Jon De Los Ángeles to second
Batting: LHB Elliott Scott 0-0: Foul Ball, location: 2F
0-1: Ball
1-1: Foul Ball, location: 2F
1-2: Foul Ball, location: 7LDF
1-2: Strikes out swinging
Batting: RHB Mario Guerrero 0-0: Fielders Choice at 2nd, 6-4 (Groundball, 6, EV 100.6 MPH)
Top of the 6th over - 0 runs, 2 hits, 0 errors, 2 left on base; Lashburn 3 - Halifax 2
BOTTOM OF THE 6TH
Halifax Explosions batting - Pitching for Lashburn Spurs : RHP Joe Reeves
Batting: LHB Andre Schaefer 0-0: Foul Ball, location: 25FF
0-1: Ball
1-1: SINGLE (Flyball, 3D, EV 93.1 MPH)
Batting: RHB Luis Melendez 0-0: Called Strike
0-1: Ball
1-1: Swinging Strike
1-2: Ball
2-2: Ball
3-2: Base on Balls
Andre Schaefer to second
Batting: LHB Spencer Yeandle 0-0: Ball
1-0: Grounds into double play, 3-6-3 (Groundball, 34S, EV 80.6 MPH)
Andre Schaefer to third
Batting: RHB Larvell Blanks 0-0: Called Strike
0-1: Ball
1-1: Ball
2-1: Foul Ball, location: 25F
2-2: Fly out, F7 (Flyball, 7, EV 95.6 MPH)
Bottom of the 6th over - 0 runs, 1 hit, 0 errors, 1 left on base; Lashburn 3 - Halifax 2
TOP OF THE 7TH
Lashburn Spurs batting - Pitching for Halifax Explosions : RHP Bill Holland
Batting: RHB Bryan Monroe 0-0: Ball
1-0: Reached on error, E6 (Groundball, 6, EV 81.3 MPH)
Batting: LHB Bill Sharp 0-0: Sac Bunt to 15 - play at first, batter OUT! 1-3
Bryan Monroe to second
Batting: LHB Chip Sharp 0-0: Called Strike
0-1: Foul Ball, location: 2F
0-2: Ball
1-2: Ball
2-2: Foul Ball, location: 5F
2-2: Ball
3-2: Foul Ball, location: 7LSF
3-2: Fly out, F9 (Flyball, 9S, EV 90.6 MPH)
Batting: LHB José Nolan 0-0: Ball
1-0: Called Strike
1-1: Ball
2-1: Foul Ball, location: 7LDF
2-2: Foul Ball, location: 3F
2-2: Hit by Pitch
Batting: RHB Larry Vickers 0-0: Called Strike
0-1: Ball
1-1: Called Strike
1-2: Strikes out swinging
Top of the 7th over - 0 runs, 0 hits, 1 error, 2 left on base; Lashburn 3 - Halifax 2
BOTTOM OF THE 7TH
Halifax Explosions batting - Pitching for Lashburn Spurs : RHP Joe Reeves
Batting: LHB Doug Miller 0-0: Called Strike
0-1: Ball
1-1: Ball
2-1: Fly out, F8 (Flyball, 8RM, EV 88.8 MPH)
Batting: RHB Brian Downing 0-0: Ball
1-0: Ball
2-0: Ground out 5-3 (Groundball, 56, EV 91.9 MPH)
Batting: SHB Larry Lintz 0-0: Foul Ball, location: 2F
0-1: Swinging Strike
0-2: Ball
1-2: Ball
2-2: SINGLE (Flyball, 78S, EV 98.8 MPH)
Batting: RHB Kirby Shotwell 0-0: Foul Ball, location: 2F
0-1: Foul Ball, location: 2F
0-2: DOUBLE (Flyball, 89D, EV 105.6 MPH)
Larry Lintz to third
Runner from 3rd tries for Home, SAFE, throw by CF to home
Batting: SHB Vicente Vélez 0-0: Fly out, F9 (Flyball, 9, EV 96.3 MPH)
Bottom of the 7th over - 1 run, 2 hits, 0 errors, 1 left on base; Lashburn 3 - Halifax 3
TOP OF THE 8TH
Lashburn Spurs batting - Pitching for Halifax Explosions : RHP Bill Holland
Batting: LHB Jon De Los Ángeles 0-0: Ball
1-0: Called Strike
1-1: Foul Ball, location: 2F
1-2: SINGLE (Groundball, 56D, EV 98.1 MPH)
Batting: LHB Archie Austin 0-0: SINGLE (Line Drive, 8RS, EV 99.4 MPH)
Jon De Los Ángeles to second
Batting: LHB Elliott Scott 0-0: Swinging Strike
0-1: Swinging Strike
0-2: Ball
1-2: Strikes out swinging
Pitching: RHP Juan Valido
Pinch Hitting: RHB Manny Hernández 0-0: Foul Ball, location: 2F
0-1: Called Strike
0-2: Ball
1-2: Strikes out swinging
Batting: RHB Bryan Monroe 0-0: Ball
1-0: Hit by Pitch
Jon De Los Ángeles to third
Archie Austin to second
Batting: LHB Bill Sharp 0-0: Called Strike
0-1: Ball
1-1: Swinging Strike
1-2: Strikes out looking
Top of the 8th over - 0 runs, 2 hits, 0 errors, 3 left on base; Lashburn 3 - Halifax 3
BOTTOM OF THE 8TH
Halifax Explosions batting - Pitching for Lashburn Spurs : RHP Joe Reeves
Now at SS: António Sánchez
Batting: LHB Andre Schaefer 0-0: Fly out, F8 (Flyball, 8RD, EV 93.1 MPH)
Batting: RHB Luis Melendez 0-0: Foul Ball, location: 7LMF
0-1: Swinging Strike
0-2: Strikes out swinging
Batting: LHB Spencer Yeandle 0-0: Ball
1-0: Ground out 4-3 (Groundball, 4, EV 78.8 MPH)
Bottom of the 8th over - 0 runs, 0 hits, 0 errors, 0 left on base; Lashburn 3 - Halifax 3
TOP OF THE 9TH
Lashburn Spurs batting - Pitching for Halifax Explosions : RHP Juan Valido
Batting: LHB Chip Sharp 0-0: Fly out, F9 (Flyball, 9D, EV 95.6 MPH)
Batting: LHB José Nolan 0-0: Called Strike
0-1: Swinging Strike
0-2: Foul Ball, location: 23F
0-2: Ball
1-2: Strikes out swinging
Batting: RHB Larry Vickers 0-0: Foul Ball, location: 3FF
0-1: Called Strike
0-2: Ball
1-2: Fly out, F3 (Popup, 3, EV 66.9 MPH)
Top of the 9th over - 0 runs, 0 hits, 0 errors, 0 left on base; Lashburn 3 - Halifax 3
BOTTOM OF THE 9TH
Halifax Explosions batting - Pitching for Lashburn Spurs : RHP Joe Reeves
Batting: RHB Larvell Blanks 0-0: Ball
1-0: Fly out, F6 (Popup, 6S, EV 71.9 MPH)
Batting: LHB Doug Miller 0-0: Ball
1-0: Called Strike
1-1: Fly out, F4 (Popup, 34S, EV 82.5 MPH)
Batting: RHB Brian Downing 0-0: Ground out 5-3 (Groundball, 56S, EV 69.4 MPH)
Bottom of the 9th over - 0 runs, 0 hits, 0 errors, 0 left on base; Lashburn 3 - Halifax 3
TOP OF THE 10TH
Lashburn Spurs batting - Pitching for Halifax Explosions : RHP Juan Valido
Batting: LHB Jon De Los Ángeles 0-0: Ball
1-0: Called Strike
1-1: Foul Ball, location: 7LSF
1-2: Foul Ball, location: 7LSF
1-2: Ball
2-2: Ball
3-2: Foul Ball, location: 9LDF
3-2: SOLO HOME RUN (Flyball, 9D, EV 97.5 MPH), Distance : 372 ft
Batting: LHB Archie Austin 0-0: Called Strike
0-1: Foul Ball, location: 5DF
0-2: Ball
1-2: Strikes out swinging
Batting: LHB Elliott Scott 0-0: Called Strike
0-1: Swinging Strike
0-2: Foul Ball, location: 23FF
0-2: Ball
1-2: Strikes out swinging
Batting: RHB António Sánchez 0-0: Called Strike
0-1: Foul Ball, location: 2F
0-2: Foul Ball, location: 9LMF
0-2: Ball
1-2: Strikes out swinging
Top of the 10th over - 1 run, 1 hit, 0 errors, 0 left on base; Lashburn 4 - Halifax 3
BOTTOM OF THE 10TH
Halifax Explosions batting - Pitching for Lashburn Spurs : RHP Joe Reeves
Pitching: RHP Steve Johnston
Batting: SHB Larry Lintz 0-0: Ball
1-0: Called Strike
1-1: Ball
2-1: Foul Ball, location: 2F
2-2: Ball
3-2: Base on Balls
Batting: RHB Kirby Shotwell 0-0: Ball
1-0: Sac Bunt to 23 - play at first, batter OUT! 3-4
Larry Lintz to second
Batting: SHB Vicente Vélez 0-0: Ball
1-0: Ball
2-0: Foul Ball, location: 7LDF
2-1: Ball
3-1: Base on Balls
Batting: LHB Andre Schaefer 0-0: 3-RUN HOME RUN (Flyball, 9D, EV 97.5 MPH), Distance : 363 ft
Bottom of the 10th over - 3 runs, 1 hit, 0 errors, 0 left on base; Lashburn 4 - Halifax 6
Thursday, April 25th , 2024 - OOTP Baseball 24.8 Build 75